 Dungeon Crawl Stone Soup version 0.17-a0-1475-g9f81d98 (console) character file.

589 nht the Basher (level 7, -4/70 HPs)
             Began as an Ogre Fighter on July 2, 2015.
             Was a Follower of the Shining One.
             Slain by a gnoll sergeant
             ... wielding a +1 spear of freezing
              (7 damage)
             ... on level 5 of the Dungeon.
             The game lasted 00:05:58 (3251 turns).

nht the Basher (Ogre Fighter)                       Turns: 3251, Time: 00:05:58

Health: -4/70      AC:  3    Str: 29    XL:     7   Next: 38%
Magic:  7/7        EV:  8    Int:  7    God:    the Shining One [*.....]
Gold:   213        SH:  9    Dex:  9    Spells: 0 memorised, 6 levels left

rFire  . . .     SeeInvis .     a - +0 flail
rCold  . . .     Clarity  .     b - +0 robe
rNeg   . . .     SustAt   .     c - +0 shield
rPois  .         Gourm    .     (helmet restricted)
rElec  .         Spirit   .     (no cloak)
rCorr  .         Warding  .     (gloves unavailable)
rMut   .         Stasis   .     (boots unavailable)
MR     .....                    (no amulet)
Stlth  +.........               (no ring)
                                (no ring)

@: mighty, glowing, not resistant to hostile enchantments, very unstealthy
A: unfitting armour, tough skin 1
a: Renounce Religion


You were on level 5 of the Dungeon.
You worshipped the Shining One.
The Shining One was aware of your devotion.
You were not hungry.

You visited 2 branches of the dungeon, and saw 6 of its levels.

You collected 228 gold pieces.
You donated 15 gold pieces to Zin.

Inventory:

Hand weapons
 a - a +0 flail (weapon)
 y - a +0 giant spiked club
Missiles
 u - a throwing net (quivered)
Armour
 b - a +0 robe (worn)
 c - a +0 shield (worn)
Jewellery
 g - an uncursed ring of poison resistance {unknown}
 o - an uncursed ring of wizardry {unknown}
 q - an uncursed amulet of stasis {unknown}
 x - an uncursed amulet of warding {unknown}
 A - an uncursed ring of fire {unknown}
Magical devices
 E - a wand of cold (5)
Scrolls
 j - 6 scrolls of identify {unknown}
 k - a scroll of magic mapping {unknown}
 n - 4 scrolls of remove curse {unknown}
Potions
 d - a potion of might
 f - a potion of flight {unknown}
 l - a potion of heal wounds
 m - a potion of cure mutation {unknown}
 p - a potion of poison {unknown}
 r - a potion of degeneration {unknown}
 s - a potion of mutation {unknown}
 t - a potion of haste
 v - 2 potions of brilliance
 w - a potion of lignification {unknown}
 z - a potion of resistance {unknown}
 C - a potion of agility {unknown}
 D - a potion of berserk rage {unknown}
Comestibles
 e - 3 bread rations
 h - 2 beef jerkies
 i - 3 meat rations
 B - 3 slices of pizza
 F - 5 fruits
 G - a chunk of flesh


   Skills:
 - Level 4.0 Fighting
 + Level 10.3 Maces & Flails
 - Level 2.6 Dodging
 - Level 2.6 Shields


You had 6 spell levels left.
You didn't know any spells.

Dungeon Overview and Level Annotations

Branches:
Dungeon (5/15)             Temple (1/1) D:4

Altars:
Ashenzari
Cheibriados
Dithmenos
Elyvilon
Fedhas
Gozag
Kikubaaqudgha
Makhleb
Nemelex Xobeh
Okawaru
Qazlal
Ru
Sif Muna
Trog
Vehumet
Xom
Yredelemnul
Zin
The Shining One


Innate Abilities, Weirdness & Mutations

You are too large for most types of armour.
You have tough skin (AC +1).


Message History

The gnoll sergeant freezes you. The gnoll hits you but does no damage.
You block the gnoll sergeant's attack.
There is an open door, spattered with blood here.
You see here a spear.
You completely miss the gnoll sergeant. The gnoll sergeant barely misses you.
You block the gnoll's attack.
You hit the gnoll sergeant.
The gnoll sergeant is lightly wounded.
You thump the gnoll sergeant!
The gnoll sergeant is severely wounded.
The gnoll hits you from afar with a spear!
* * * LOW HITPOINT WARNING * * *
The gnoll sergeant hits you with a spear of freezing!
* * * LOW HITPOINT WARNING * * *
The gnoll sergeant freezes you.
* * * LOW HITPOINT WARNING * * *
You barely miss the gnoll sergeant.
The gnoll sergeant is severely wounded.
The gnoll sergeant hits you with a spear of freezing!
You die... .. █...███........█ ....+ ███'████████████

....█ █......█
█....██ +..÷...█
....... █......█
.......
██..█████████
.......
█+████..█........
.......
█.......'........
.......
+.......█........
█.....
█.......█........
█ ....
█+█████@█........
█ ██.


█g█████████ ██ g.. .█ ..... .+ ......█ .█ ......>█ .█ █..█.>███ ..g ███████
..... .....g. ....... You could see a gnoll sergeant and a gnoll.

Vanquished Creatures
  Sigmund (D:2)
  An ogre (D:4)
  A crimson imp (D:5)
  A giant frog skeleton (D:4)
  2 hounds
  3 worker ants
  3 gnolls (D:5)
  3 adders
  An adder skeleton (D:4)
  A worm (D:4)
  5 giant geckos
  8 orcs
  A ball python (D:2)
  9 bats
  4 giant cockroaches
  13 goblins
  6 hobgoblins
  A jackal (D:4)
  8 kobolds
  3 quokkas
  5 giant newts
  6 rats
86 creatures vanquished.

Notes
Turn   | Place    | Note
--------------------------------------------------------------
     0 | D:1      | nht the Ogre Fighter began the quest for the Orb.
     0 | D:1      | Reached XP level 1. HP: 24/24 MP: 1/1
   118 | D:1      | Reached XP level 2. HP: 18/32 MP: 2/2
   753 | D:2      | Found a radiant altar of Vehumet.
   753 | D:2      | Found a shattered altar of Ashenzari.
   755 | D:2      | Found a shimmering altar of Xom.
   763 | D:2      | Reached XP level 3. HP: 21/39 MP: 3/3
   769 | D:2      | Found a glowing silver altar of Zin.
   772 | D:2      | Found an ancient bone altar of Kikubaaqudgha.
   782 | D:2      | Became a worshipper of Zin the Law-Giver
  1179 | D:2      | Reached skill level 5 in Maces & Flails
  1258 | D:2      | Noticed Sigmund
  1270 | D:2      | Killed Sigmund
  1270 | D:2      | Reached skill level 7 in Maces & Flails
  1270 | D:2      | Reached XP level 4. HP: 22/48 MP: 4/4
  1270 | D:2      | Reached XP level 5. HP: 24/54 MP: 5/5
  1490 | D:3      | Acquired Zin's first power
  1616 | D:3      | Reached skill level 8 in Maces & Flails
  1616 | D:3      | Reached XP level 6. HP: 62/62 MP: 6/6
  1980 | D:4      | Found a staircase to the Ecumenical Temple.
  2041 | Temple   | Entered the Ecumenical Temple
  2119 | Temple   | Fell from the grace of Zin
  2119 | Temple   | Became a worshipper of the Shining One
  2247 | D:4      | Reached skill level 9 in Maces & Flails
  2743 | D:5      | Entered Level 5 of the Dungeon
  2743 | D:5      | Acquired the Shining One's first power
  2763 | D:5      | Reached XP level 7. HP: 60/70 MP: 7/7
  3101 | D:5      | Reached skill level 10 in Maces & Flails
  3250 | D:5      | HP: 3/70 [gnoll sergeant/spear of freezing (1)]
  3251 | D:5      | Slain by a gnoll sergeant

Vault maps used:
D:1:      eino_arrival_cavern_a, st_stairs_4, hangedman_decor_growths
D:2:      grunt_temple_overflow_open, uniq_sigmund
D:3:      first_bread
D:4:      minmay_temple_entry_enclosed_plants
Temple:   water_room_temple_a_12

Action                   |  1- 3 |  4- 6 |  7- 9 || total
-------------------------+-------+-------+-------++-------
Melee: Flail             |   115 |    98 |    43 ||   256
  Use: Potion            |     4 |       |     1 ||     5
 Stab: Sleeping          |       |     1 |       ||     1
  Eat: Chunk             |     1 |     5 |     2 ||     8
